 Dungeon Crawl Stone Soup version bcrawl-1.22 (webtiles) character file.

Game seed: 7969882376134267622

1027470 hofbold the Acrobat (level 27, -3/269 HPs)
             Began as a Fairy Air Elementalist on May 11, 2020.
             Was a High Priest of Lugonu.
             Killed from afar by a Hell Sentinel (16 damage)
             ... with hellfire
             ... on level 2 of the Iron City of Dis on May 12, 2020.
             The game lasted 06:03:19 (95268 turns).

hofbold the Acrobat (Fairy Air Elementalist)       Turns: 95268, Time: 06:03:20

Health: -3/269     AC: 44    Str:  9 (10) XL:     27
Magic:  17/58      EV: 39    Int: 37      God:    Lugonu [*****.]
Gold:   7730       SH: 32    Dex: 17      Spells: 2/66 levels left

rFire    + . .     SeeInvis .   P - +6 hand axe "Ivoysani" {speed, rC+ rN+ MP+9 Int+4}
rCold    + + +     Gourm    .   Y - +5 medium shield "Imiesa Japt" {rF+ rCorr Slay+3}
rNeg     + + +     Faith    .   (armour unavailable)
rPois    ∞         Spirit   .   L - +3 helmet of Lifelessness {rC+ MR+ Regen+ Str+2}
rElec    +         Reflect  .   w - +2 cloak of the Sun {*Contam +Blink +Inv rPois}
rCorr    +         Harm     .   (gloves currently unavailable)
MR       +++++                  (boots currently unavailable)
Stlth    +++++.....             Z - amulet "Xufu" {RegenMP Str+4 Dex-3 Slay+3}
HPRegen  0.94/turn              W - ring of Absolutism {rElec rC+ Dex+4}
MPRegen  0.61/turn              D - ring of Wadum {rN++ MR+++ AC+5 Str-2 Int+4}

@: statue-form (expiring), flying evasively, very slightly contaminated, hasted
A: small, magic attunement, unstealthy, unfitting armour, hooves 1, rugged brown
scales 1, deterioration 1, no potion heal 1, able to fly, AC/SH +12
}: 9/15 runes: serpentine, barnacled, slimy, silver, iron, obsidian, icy, bone,
abyssal
a: Stop Flying, End Transformation, Depart the Abyss, Bend Space, Banish,
Corrupt, Enter the Abyss, Renounce Religion, Evoke Blink, Evoke Invisibility


You were on level 2 of the Iron City of Dis.
You worshipped Lugonu.
Lugonu was extremely pleased with you.
You were near starving.
You were a stone statue.
You visited 17 branches of the dungeon, and saw 58 of its levels.
You visited the Abyss 7 times.
You also visited: Trove.

You collected 11433 gold pieces.
You spent 3703 gold pieces at shops.

Inventory:

Hand Weapons
 P - the +6 hand axe "Ivoysani" (weapon) {speed, rC+ rN+ MP+9 Int+4}
   (You found it on level 5 of the Lair of Beasts)

   Attacks with this weapon are significantly faster.
   It affects your intelligence (+4).
   It protects you from cold.
   It protects you from negative energy.
   It affects your magic capacity (+9).
Missiles
 r - 10 throwing nets {!f}
 G - 1825 tomahawks of dispersal (quivered)
 T - 5070 poisoned tomahawks
Armour
 m - the +0 Maxwell's etheric cage {RegenMP+ *Contam rElec Stlth-}
   (Lugonu gifted it to you on level 1 of Cocytus)

   It insulates you from electricity.
   It causes magical contamination when unequipped.
   It makes you less stealthy.
 o - the +3 pair of gloves of the Cockatrice (melded) {rF++ Int-3 Dex+3}
   (Lugonu gifted it to you on level 2 of the Depths)

   It affects your intelligence (-3).
   It affects your dexterity (+3).
   It greatly protects you from fire.
 w - the +2 cloak of the Sun (worn) {*Contam +Blink +Inv rPois}
   (Lugonu gifted it to you on level 4 of the Depths)

   It protects you from poison.
   It lets you turn invisible.
   It lets you blink.
   It causes magical contamination when unequipped.
 L - the +3 helmet of Lifelessness (worn) {rC+ MR+ Regen+ Str+2}
   (Lugonu gifted it to you on level 12 of the Dungeon)

   It affects your strength (+2).
   It protects you from cold.
   It affects your resistance to hostile enchantments.
   It increases your rate of regeneration.
 O - the +1 pair of boots "Wisilo" (melded) {Dex+4 SInv}
   (Lugonu gifted it to you in the Vestibule of Hell)

   It affects your dexterity (+4).
   It lets you see invisible.
 Y - the +5 medium shield "Imiesa Japt" (worn) {rF+ rCorr Slay+3}
   (Lugonu gifted it to you on level 3 of the Pits of Slime)

   It affects your accuracy and damage with ranged weapons and melee attacks
   (+3).
   It protects you from fire.
   It provides partial protection from all sources of acid and corrosion.
Jewellery
 i - a +5 amulet of reflection
 D - the ring of Wadum (right hand) {rN++ MR+++ AC+5 Str-2 Int+4}
   (You found it on level 2 of the Lair of Beasts)

   [ring of protection]

   It affects your AC (+5).
   It affects your strength (-2).
   It affects your intelligence (+4).
   It greatly protects you from negative energy.
   It affects your resistance to hostile enchantments.
 W - the ring of Absolutism (left hand) {rElec rC+ Dex+4}
   (You found it on level 2 of the Realm of Zot)

   [ring of protection from cold]

   It affects your dexterity (+4).
   It protects you from cold.
   It insulates you from electricity.
 Z - the amulet "Xufu" (around neck) {RegenMP Str+4 Dex-3 Slay+3}
   (You found it in a treasure trove)

   [amulet of magic regeneration]

   It increases your magic regeneration.
   It affects your strength (+4).
   It affects your dexterity (-3).
   It affects your accuracy and damage with ranged weapons and melee attacks
   (+3).
Wands
 c - a wand of digging (57)
 h - a wand of disintegration (34)
 t - a wand of paralysis (36)
 A - a wand of polymorph (34)
 V - a wand of iceblast (18)
Scrolls
 a - 33 scrolls of remove curse
 b - 3 scrolls of teleportation
 q - 7 scrolls of fear
 s - 7 scrolls of amnesia
 v - 2 scrolls of silence
 E - 5 scrolls of fog
 K - 5 scrolls of magic mapping
Potions
 f - 2 potions of magic
 j - 19 potions of lignification
 k - 12 potions of curing
 l - 5 potions of berserk rage
 u - a potion of ambrosia
 x - 4 potions of resistance
 z - 4 potions of agility
 C - 4 potions of might
 I - 6 potions of brilliance
 N - 3 potions of invisibility
 R - 3 potions of cancellation
Miscellaneous
 H - a lightning rod (4/4)
 Q - a phial of floods (inert)
 S - a fan of gales
 X - a lamp of fire (inert)
Comestibles
 e - 54 rations {!d}


   Skills:
 + Level 20.2 Fighting
 + Level 13.8 Axes
 + Level 26.2 Dodging
 - Level 15.0 Stealth
 + Level 19.6 Shields
 - Level 15.0 Unarmed Combat
 - Level 20.0 Spellcasting
 - Level 20.0 Conjurations
 - Level 15.0 Summonings
 + Level 9.6 Necromancy
 - Level 5.0 Translocations
 + Level 12.5 Transmutations
 - Level 20.0 Air Magic
 + Level 19.4 Earth Magic
 - Level 15.0 Invocations
 - Level 15.0 Evocations


You had 2 spell levels left.
You knew the following spells:

 Your Spells              Type           Power        Failure   Level  Hunger
a - Shock                 Conj/Air       #####        0%          1    None
b - Airstrike             Air            ########..   0%          4    None
c - Iron Shot             Conj/Erth      ########..   1%          6    None
d - Summon Lightning Spi  Summ/Air       ########     1%          5    None
e - Statue Form           Tmut/Erth      ########.    1%          6    None
f - Chain Lightning       Conj/Air       ########..   1%          8    None
g - Tornado               Air            ########..   24%         9    None
h - Shatter               Erth           ########..   30%         9    None
i - Spellforged Servitor  Conj/Summ      ########..   1%          7    None
k - Necromutation         Tmut/Necr      #######.     52%         8    None
y - Apportation           Tloc           ######       1%          1    None

Your spell library contained the following spells:

 Spells                   Type           Power        Failure   Level  Hunger
 Beastly Appendage        Tmut           ######       0%          1    None
 Flame Tongue             Conj/Fire      #####        0%          1    None
 Magic Dart               Conj           ####         0%          1    None
 Pain                     Necr           ######       0%          1    None
 Sandblast                Erth           ######       0%          1    None
 Sting                    Conj/Pois      ####         0%          1    None
 Summon Butterflies       Summ           #######.     0%          1    None
 Call Imp                 Summ           ######       0%          2    None
 Passwall                 Tmut/Erth      ########     0%          2    None
 Searing Ray              Conj           ########     0%          2    None
 Sticks to Snakes         Tmut           #######.     0%          2    None
 Throw Frost              Conj/Ice       ######       0%          2    None
 Blink Other              Tloc           ######       1%          1    None
 Corona                   Hex            #####..      1%          1    None
 Freeze                   Ice            #####.       1%          1    None
 Infusion                 Chrm           #####...     1%          1    None
 Slow                     Hex            #####...     1%          1    None
 Blink                    Tloc           N/A          1%          2    None
 Corpse Rot               Necr           N/A          1%          2    None
 Ensorcelled Hibernation  Hex/Ice        #####.       1%          2    None
 Flaming Arrows           Chrm/Fire      #####...     1%          2    None
 Poisonous Vapours        Pois/Air       ######       1%          2    None
 Shackle                  Hex            #####...     1%          2    None
 Sublimation of Blood     Necr           #######...   1%          2    None
 Swiftness                Chrm/Air       #######.     1%          2    None
 Iskenderun's Mystic Bla  Conj           ########     0%          3    None
 Mephitic Cloud           Conj/Pois/Air  #######.     0%          3    None
 Static Discharge         Air            ########     0%          3    None
 Stone Arrow              Conj/Erth      ######       0%          3    None
 Petrify                  Tmut/Erth      ########     0%          4    None
 Lee's Rapid Deconstruct  Erth           ########..   0%          5    None
 Lightning Bolt           Conj/Air       ########..   0%          5    None
 Conjure Flame            Conj/Fire      #######.     1%          3    None
 Dazzling Spray           Conj/Hex       ######       1%          3    None
 False Image              Hex/Summ       #######.     1%          3    None
 Ignite Poison            Fire/Tmut/Pois ######..     1%          3    None
 Portal Projectile        Tloc           ######       1%          3    None
 Recall                   Summ/Tloc      N/A          1%          3    None
 Spider Form              Tmut/Pois      ###          1%          3    None
 Teleport Other           Tloc           ######..     1%          3    None
 Animate Dead             Necr           N/A          1%          4    None
 Fulminant Prism          Conj/Hex       #######...   1%          4    None
 Ice Form                 Ice/Tmut       ######..     1%          4    None
 Sticky Flame             Conj/Fire      #######.     1%          4    None
 Summon Ice Beast         Ice/Summ       #######.     1%          4    None
 Summon Scorpions         Summ/Pois      #######.     1%          4    None
 Throw Icicle             Conj/Ice       #######.     1%          4    None
 Tree Form                Hex/Tmut       N/A          1%          4    None
 Yara's Violent Unravell  Hex/Tmut       ######....   1%          4    None
 Agony                    Necr           #######.     1%          5    None
 Blade Hands              Tmut           #######...   1%          5    None
 Bolt of Draining         Conj/Necr      #######...   1%          5    None
 Dispel Undead            Necr           #######.     1%          5    None
 Fireball                 Conj/Fire      #######...   1%          5    None
 Irradiate                Conj/Tmut      ########..   1%          5    None
 Iskenderun's Battlesphe  Conj/Chrm      #######.     1%          5    None
 Passage of Golubria      Tloc           N/A          1%          5    None
 Silence                  Hex/Air        #######...   1%          5    None
 Summon Forest            Summ/Tloc      #######...   1%          5    None
 Venom Bolt               Conj/Pois      #######...   1%          5    None
 Borgnjor's Vile Clutch   Necr/Erth      #######...   1%          6    None
 Conjure Ball Lightning   Conj/Air       ########..   1%          6    None
 Summon Hydra             Summ           #######...   1%          6    None
 Orb of Destruction       Conj           ########..   1%          7    None
 Confuse                  Hex            #####...     2%          3    None
 Inner Flame              Hex/Fire       N/A          2%          3    None
 Ozocubu's Armour         Chrm/Ice       #####...     2%          3    None
 Tukima's Dance           Hex            #####...     2%          3    None
 Bolt of Cold             Conj/Ice       #######...   2%          6    None
 Bolt of Fire             Conj/Fire      #######...   2%          6    None
 Deflect Missiles         Chrm/Air       #######...   2%          6    None
 Freezing Cloud           Ice/Air        #######...   2%          6    None
 Poison Arrow             Conj/Pois      #######...   2%          6    None
 Dragon Form              Tmut           #######      4%          7    None
 Cause Fear               Hex            #####.....   9%          4    None
 Olgreb's Toxic Radiance  Pois           #####....    9%          4    None
 Icicle Burst             Conj/Ice       #######...   12%         7    None
 Mana Rupture             Conj/Hex       #######...   12%         7    None
 Death Channel            Chrm/Necr      ######....   19%         6    None
 Simulacrum               Ice/Necr       ######....   19%         6    None
 Metabolic Englaciation   Hex/Ice        #####.....   24%         5    None
 Piercing Shot            Chrm           #####.....   24%         5    None
 Infestation              Hex/Tmut/Pois  ######...    24%         6    None
 Darkness                 Hex            #####.....   78%         6    None
 Invisibility             Hex            #####...     78%         6    None
 Ozocubu's Refrigeration  Ice            #####.....   78%         6    None
 Dragon's Call            Summ           #######...   88%         9    None
 Discord                  Hex            #####.....   100%        8    None
 Ignition                 Fire           #####.....   100%        8    None
 Fire Storm               Conj/Fire      #######...   100%        9    None


Dungeon Overview and Level Annotations

Branches:
Dungeon (12/12)            Temple (1/1) D:6            Lair (6/6) D:7
 Shoals (3/3) Lair:4        Snake (3/3) Lair:2        Slime (5/5) Lair:5
    Orc (1/1) D:11            Elf (3/3) Orc          Vaults (3/3) D:11
  Crypt (2/2) Vaults:2       Tomb (0/3) Crypt:2      Depths (5/5) D:12
   Hell (1/1)                 Dis (2/2) Hell            Geh (2/2) Hell
    Coc (2/2) Hell            Tar (2/2) Hell            Zot (5/5) Depths:5

Altars:
Ashenzari
Cheibriados
Dithmenos
Elyvilon
Fedhas
Gozag
Hepliaklqana
Kikubaaqudgha
Lugonu
Makhleb
Nemelex Xobeh
Okawaru
Qazlal
Ru
Sif Muna
Trog
Uskayaw
Vehumet
Wu Jian
Xom
Yredelemnul
Zin
The Shining One
Beogh
Jiyva

Shops:
D:8 *   D:9 *   D:12 [   Orc ((([   Elf:2 =((   Vaults:1 [   Vaults:2 ?

Portals:
Hell: Depths:1 Depths:2 Depths:3 Depths:4 Depths:5
Abyss: Depths:2 Depths:4 Depths:5
Pandemonium: Depths:1 Depths:3 Depths:4 Depths:5
Ziggurat: Depths:4

Annotations:
Slime:5 corrupted
Vaults:3 corrupted
Depths:2 corrupted
Dis:2 corrupted, Dispater
Geh:2 corrupted, Asmodeus
Tar:2 corrupted


Innate Abilities, Weirdness & Mutations

Your spells do not cause hunger and MP costs are reduced by 1.
Your bright wings attract enemies. (Stealth-)
You cannot fit into any form of body armour.
((Your shimmering scales are hard and can block incoming attacks. (AC +12, SH +12)))
You are small and have problems with some larger weapons.
You can fly continuously.
You have large cloven feet.
(You are partially covered in rugged brown scales. (AC +1, +3% HP))
Your body sometimes deteriorates upon taking damage.
Potions are less effective at restoring your health.


Message History

Something bites the Hell Sentinel.
Something is struck by the Hell Sentinel's spines.
Something engulfs the Hell Sentinel but does no damage.
The starcursed mass is struck by the Hell Sentinel's spines.
The starcursed mass engulfs the Hell Sentinel!
The starcursed mass shudders and is absorbed by its neighbour.
The Hell Sentinel writhes in pain as voices assail its mind.
The Hell Sentinel dies!
The Hell Sentinel gestures at you.
The sphere of hellfire explodes!
The hellfire engulfs you!!!
* * * LOW HITPOINT WARNING * * *
You hear a shout! x2
Something shouts, "Leave if wit thou hast!"
You hear a shout! x2
The starcursed mass is struck by the Hell Sentinel's spines.
The starcursed mass engulfs the Hell Sentinel but does no damage.
The starcursed mass shudders and is absorbed by its neighbour.
The Hell Sentinel gestures at you.
The sphere of hellfire explodes!
The hellfire engulfs you!
You die...

###
########.#####
..8.........8#
.........8...#
#####''###..#
###########''##
.#
#[.#$#...#1...# #
#......#§§...#p
##.#X.?#.XXX#.''
#(.#$X###X.XX.##.
##......X..X..#
..
#XXX#..XhX#X..#
.#


You could see a Hell Sentinel.

Vanquished Creatures
  Ereshkigal (Tar:2)
  2 juggernauts
  the Serpent of Hell (Tar:2)
  4 orbs of fire (Zot:5)
  3 ancient liches
  Xtahua (Vaults:2)
  4 Killer Klowns
  Saint Roka (Snake:1)
  7 golden dragons
  Margery (Depths:5)
  11 shard shrikes
  Bai Suzhen (Shoals:2)
  A curse toe (Zot:5)
  Vashnia (Snake:2)
  Geryon (Hell)
  4 caustic shrikes (Depths:5)
  Nikola (Snake:1)
  the Enchantress (Depths:4)
  3 profane servitors
  5 doom hounds
  16 Brimstone Fiends
  9 bone dragons
  An iron giant (Dis:2)
  24 Shadow Fiends
  2 electric golems
  2 Orb Demons
  20 Orb Guardians
  A hellephant (Hell)
  15 Ice Fiends
  Asterion (Elf:1)
  5 liches
  3 Hell Sentinels
  2 titans (Vaults:3)
  12 tentacled monstrosities
  2 deep elf blademasters
  22 acid blobs
  8 quicksilver dragons
  3 Executioners (Dis:2)
  6 ancient champions
  20 tentacled starspawn
  A kraken (Abyss:3)
  3 sphinxes
  3 death cobs (Zot:5)
  2 eldritch tentacles
  12 storm dragons
  Agnes (Elf:1)
  Roxanne (Elf:1)
  12 nagarajas
  21 azure jellies
  10 shadow dragons
  5 tengu reavers
  6 draconian monks
  3 daevas
  13 balrugs
  12 vault wardens
  12 frost giants
  A revenant (Crypt:2)
  6 draconian knights
  12 fire giants
  6 deep elf sorcerers
  Louise (Depths:4)
  4 ghost moths
  3 draconian scorchers
  An orc warlord (Depths:3)
  3 cacodemons
  2 iron dragons
  An angel (Abyss:4)
  6 draconian shifters
  2 draconian stormcallers (Zot:2)
  3 ghouls
  4 deep elf elementalists (Elf:3)
  6 ironheart preservers
  42 reapers
  7 draconian annihilators
  An entropy weaver (Vaults:3)
  24 very ugly things
  6 spriggan defenders
  11 war gargoyles
  17 stone giants
  6 vampire knights
  8 green draconians
  4 lorocyprocas
  12 spark wasps
  4 purple draconians
  9 white draconians
  11 red draconians
  4 deep elf demonologists
  13 black draconians
  8 deep elf annihilators
  7 yellow draconians
  13 ettins
  Snorg (D:12)
  2 eidola
  7 merfolk impalers
  3 merfolk javelineers (Shoals:3)
  4 deep elf death magi
  A green death (Abyss:4)
  6 quicksilver dragon zombies
  8 fire dragons
  15 death oozes
  A kraken zombie (Hell)
  12 blizzard demons
  2 spectral krakens (Tar:2)
  10 jiangshi (Crypt:2)
  8 yaktaur captains
  14 great orbs of eyes
  The ghost of Quickbrownfox the Archer, a journeyman GrAc of Cheibriados (D:10)
  A catoblepas (shapeshifter) (Depths:3)
  12 rakshasas
  28 vault guards
  6 deep elf high priests
  6 hydras
  3 ghost crabs
  A hell beast (Dis:2)
  16 naga warriors
  A merfolk avatar (Shoals:3)
  A monstrous demonspawn (Depths:3)
  An anaconda (shapeshifter) (Vaults:3)
  6 spriggan air magi
  A shambling mangrove (Abyss:3)
  3 quicksilver dragon skeletons (Geh:2)
  11 anacondas
  26 ice dragons
  19 two-headed ogres
  An alligator (shapeshifter) (D:12)
  2 catoblepae
  4 death knights (Crypt:2)
  4 centaur warriors
  6 merfolk aquamancers
  An alligator snapping turtle (Shoals:1)
  10 hell hogs
  2 satyrs
  2 orc high priests (Orc)
  An alligator (Lair:5)
  15 deep troll earth magi
  A sea snake (shapeshifter) (Depths:5)
  7 tengu warriors
  10 ogre magi
  8 deep troll shamans
  A spectral dire elephant (Crypt:2)
  27 dancing weapons
  6 death yaks
  7 spriggan berserkers
  5 shock serpents
  6 thrashing horrors
  9 sea snakes
  3 vampire magi
  A titan zombie (Dis:2)
  42 deep trolls
  18 soul eaters
  17 naga sharpshooters
  A spectral emperor scorpion (Crypt:2)
  23 deep elf knights
  18 sun demons
  A deep troll (shapeshifter) (Abyss:2)
  4 storm dragon zombies
  3 titan skeletons
  2 fire crabs
  Urug (D:10)
  47 hell knights
  20 wretched stars
  69 skeletal warriors
  3 golden dragon zombies
  6 anaconda zombies
  4 spatial maelstroms (Abyss:3)
  9 shadow wraiths
  2 glowing orange brains
  3 sixfirhies
  An obsidian statue (Zot:5)
  4 salamander mystics
  5 storm dragon skeletons
  A ghost moth zombie (Abyss:3)
  A torturous demonspawn (Depths:1)
  3 unseen horrors
  33 starcursed masses
  11 phantasmal warriors
  3 kraken simulacra
  6 flayed ghosts
  6 naga ritualists
  Pikel (D:7)
  8 deep elf archers
  16 shadow demons
  10 ironbrand convokers
  4 wizards
  2 anaconda skeletons
  14 necromancers
  3 shadow dragon zombies
  10 harpies
  A tengu zombie (Vaults:3)
  A frost giant zombie (Hell)
  A sphinx zombie (D:12)
  A wolf spider zombie (Dis:2)
  7 cyclopes
  A golden dragon skeleton (Coc:1)
  4 oklob plants (Lair:5)
  2 iron dragon zombies
  7 orc knights
  5 fire giant zombies
  5 mana vipers
  5 orc sorcerers
  A stone giant zombie (Coc:2)
  14 salamanders
  9 shining eyes
  An orb spider (Abyss:4)
  4 stone giant skeletons
  31 ugly things
  12 fauns
  7 worldbinders
  45 deep elf magi
  9 manticores
  2 merfolk sirens
  An elephant (Lair:4)
  2 manticores (shapeshifter)
  16 moths of wrath
  An iron dragon skeleton (Crypt:2)
  A shadow dragon skeleton (Coc:1)
  2 black mambas (shapeshifter)
  2 ice statues (Coc:2)
  11 guardian serpents
  23 rust devils
  A dire elephant zombie (Dis:2)
  18 naga magi
  5 apocalypse crabs
  4 frost giant skeletons
  28 black mambas
  7 vault sentinels
  4 centaur skeletons
  4 storm dragon simulacra (Coc:2)
  16 spectral swamp worms
  A torpor snail (shapeshifter) (Abyss:2)
  17 smoke demons
  6 water nymphs
  5 fire giant skeletons
  11 molten gargoyles
  2 titan simulacra (Coc:2)
  2 torpor snails
  The ghost of yrara the Cudgeler, a novice DsFi of Gozag (D:5)
  2 eyes of devastation
  A shock serpent skeleton (Coc:2)
  6 orange demons
  8 cane toads
  14 komodo dragons
  4 dire elephant skeletons
  2 gargoyles
  A white draconian zombie (Crypt:1)
  28 freezing wraiths
  36 yaktaurs
  2 rime drakes (shapeshifter)
  17 tormentors
  A komodo dragon (shapeshifter) (Abyss:3)
  18 hellions
  A demonic crawler (Abyss:3)
  6 hellwings
  A rime drake (Lair:6)
  3 tengu conjurers
  A meliai (shapeshifter) (Depths:4)
  7 efreet
  16 hydra zombies
  8 anaconda simulacra
  A harpy zombie (Tar:2)
  3 silent spectres
  18 ice devils
  14 ancient zymes
  A queen bee (Abyss:3)
  2 polar bears
  12 red devils
  13 merfolk
  A queen bee (shapeshifter) (Depths:2)
  6 trolls
  Prince Ribbit (D:9)
  7 meliai
  13 hornets
  3 harpy skeletons (Geh:2)
  3 wind drakes
  4 bog bodies (Coc:2)
  38 raiju
  144 slime creatures
  A dream sheep (shapeshifter) (Depths:3)
  4 hydra skeletons
  2 hornets (shapeshifter)
  8 blink frogs
  16 dream sheep
  4 ice dragon zombies
  12 hippogriffs
  7 snapping turtles
  2 fire dragon zombies
  An alligator zombie (Coc:1)
  A frost giant simulacrum (Hell)
  2 fire giant simulacra
  5 fire dragon skeletons
  9 spriggans
  2 alligator skeletons
  5 ettin zombies
  An ice dragon skeleton (Dis:2)
  A stone giant simulacrum (Coc:1)
  115 flying skulls
  A redback (shapeshifter) (Elf:3)
  A vampire (Abyss:4)
  20 shadows
  A shock serpent simulacrum (Abyss:4)
  2 spriggans (shapeshifter)
  19 water elementals
  13 wraiths
  A black mamba zombie (Tar:2)
  An air elemental (Elf:3)
  2 ettin skeletons
  49 yaks
  8 ynoxinuls
  8 fire bats
  3 wyverns
  A black mamba skeleton (Dis:2)
  19 golden eyes
  29 small abominations
  A steam dragon (Abyss:3)
  3 basilisks
  9 neqoxecs
  8 fire elementals
  4 vampire mosquitoes (D:12)
  2 hungry ghosts (D:11)
  4 spatial vortices
  20 chaos spawn
  Menkaure (D:5)
  A deep troll zombie (Crypt:1)
  3 insubstantial wisps (Abyss:1)
  An acid dragon (D:11)
  47 nagas
  2 wargs
  21 hell hounds
  7 cane toad zombies
  9 crocodiles
  8 water moccasins
  A merfolk skeleton (Dis:2)
  8 porcupines
  21 orc warriors
  5 hydra simulacra (Coc:2)
  2 sky beasts
  A floating eye (Slime:3)
  9 ice beasts
  A fire dragon simulacrum (Coc:2)
  3 cane toad skeletons
  A hornet zombie (D:12)
  45 large abominations
  3 slaves (D:7)
  3 snapping turtle zombies
  2 black bears (D:10)
  5 phantoms
  An eye of draining (shapeshifter) (D:12)
  13 ogres
  An ettin simulacrum (Crypt:2)
  A snapping turtle skeleton (Tar:2)
  24 boggarts
  8 eyes of draining
  16 necrophages
  A boggart (shapeshifter) (Depths:4)
  A centaur (shapeshifter) (Depths:3)
  A wolf (shapeshifter) (Depths:5)
  14 wolves
  4 centaurs
  A swamp dragon skeleton (Crypt:1)
  A manticore skeleton (Tar:2)
  5 big kobolds
  10 bullfrogs
  2 elf skeletons
  An earth elemental (Elf:3)
  3 cane toad simulacra
  A troll zombie (Tar:2)
  2 scorpions
  A swamp dragon simulacrum (Abyss:2)
  14 killer bees
  A raiju skeleton (Crypt:1)
  45 wights
  4 electric eels
  A howler monkey (D:9)
  5 lava snakes (Lair:6)
  17 crimson imps
  5 quasits
  A jelly (D:9)
  20 orc priests
  A gnoll shaman (D:4)
  3 human zombies
  Crazy Yiuf (D:3)
  8 hounds
  4 iron imps
  A human skeleton (Tar:2)
  3 iguanas
  26 orc wizards
  8 worker ants
  A killer bee zombie (D:5)
  3 ogre zombies
  A naga skeleton (Tar:1)
  4 mummies
  3 worker ant zombies
  12 gnolls
  12 adders
  7 shadow imps
  7 white imps
  5 ufetubi
  An adder skeleton (D:5)
  A barachi skeleton (Crypt:1)
  2 dart slugs
  6 leopard geckos
  74 orcs
  A ball python (D:2)
  2 bats
  3 giant cockroaches (D:2)
  3 goblins
  11 hobgoblins
  4 jackals (D:5)
  21 kobolds
  2 quokkas
  3 frilled lizards
  A jackal skeleton (Crypt:1)
  A jackal zombie (D:5)
  An orc skeleton (Geh:2)
  3 orc zombies
  3 rats
  4 bushes (Lair:1)
  4 fungi
  A lurking horror (Abyss:2)
  26 plants
  26 starspawn tentacles
  4 tentacles
  2 withered plants (D:12)
3439 creatures vanquished.

Vanquished Creatures (collateral kills)
  Antaeus (Coc:2)
  An ancient lich (Zot:5)
  An orb of fire (Zot:5)
  Sojobo (Vaults:2)
  A Killer Klown (Zot:5)
  A curse toe (Zot:1)
  A profane servitor (Abyss:3)
  Jory (Crypt:1)
  A doom hound (Tar:1)
  2 bone dragons
  3 Shadow Fiends (Tar:1)
  2 tentacled monstrosities
  2 Brimstone Fiends (Geh:2)
  7 Orb Guardians (Zot:5)
  2 electric golems (Zot:5)
  3 Hell Sentinels
  2 titans
  Polyphemus (Shoals:2)
  2 ancient champions (Dis:2)
  A storm dragon (Zot:2)
  A shadow dragon (Tar:1)
  2 balrugs (Dis:2)
  A frost giant (Vaults:3)
  An iron dragon (Dis:1)
  An orc warlord (Depths:3)
  A vault warden (Vaults:2)
  A curse skull (Crypt:2)
  Aizul (Vaults:2)
  2 deep elf elementalists (Elf:3)
  A ghost moth (Zot:5)
  A cacodemon (Dis:2)
  5 reapers
  A ghoul (Crypt:1)
  An ironheart preserver (Vaults:1)
  2 green draconians (Zot:5)
  A deep elf annihilator (Elf:3)
  An ettin (Depths:2)
  4 blizzard demons
  A fire dragon (Lair:6)
  A deep elf high priest (Elf:3)
  A rakshasa (Depths:2)
  A quicksilver dragon skeleton (Tar:1)
  A vault guard (Vaults:3)
  An ice dragon (Depths:2)
  A centaur warrior (Vaults:2)
  2 hell hogs (Geh:2)
  A sea snake (Shoals:1)
  A naga sharpshooter (Snake:3)
  A dancing weapon (Dis:2)
  2 soul eaters (Tar:2)
  3 sun demons (Geh:2)
  2 deep elf knights
  A titan skeleton (Geh:2)
  A fire crab (Geh:2)
  16 skeletal warriors
  7 hell knights
  A wretched star (Abyss:3)
  2 shadow demons (Tar:1)
  2 orc knights (Depths:3)
  2 necromancers (Hell)
  A mana viper (Snake:3)
  2 ugly things (Vaults:2)
  2 slime creatures
  A worldbinder (Abyss:3)
  2 frost giant skeletons
  A shock serpent zombie (Tar:1)
  A titan simulacrum (Coc:2)
  A rust devil (Dis:2)
  2 storm dragon simulacra (Coc:2)
  2 ice devils
  4 freezing wraiths
  2 red devils
  A catoblepas skeleton (Geh:2)
  A bog body (Crypt:1)
  A fire dragon zombie (Tar:1)
  A raiju (Abyss:3)
  An ice dragon zombie (Tar:1)
  9 flying skulls
  A black mamba zombie (Dis:1)
  2 small abominations (Abyss:3)
  2 shadows (Tar:1)
  2 nagas
  A hydra simulacrum (Coc:2)
  A hell hound (Lair:6)
  A phantom (Tar:2)
  A swamp dragon zombie (Hell)
  An ogre (Vaults:2)
  An adder zombie (D:8)
  2 orcs (Snake:1)
  A kobold zombie (Tar:2)
  A plant (Shoals:1)
167 creatures vanquished.

Vanquished Creatures (others)
  the Royal Jelly (Slime:5)
  An Ice Fiend (Dis:2)
  3 Brimstone Fiends
  2 tentacled monstrosities (Vaults:3)
  A Hell Sentinel (Dis:2)
  4 acid blobs (Slime:5)
  3 sphinxes (Vaults:3)
  A shadow dragon (Vaults:3)
  An eldritch tentacle (Coc:1)
  2 storm dragons (Vaults:3)
  4 azure jellies (Slime:5)
  A tengu reaver (Vaults:3)
  3 fire giants
  4 balrugs (Geh:2)
  A vault warden (Vaults:3)
  An iron dragon (Vaults:3)
  A draconian shifter (Zot:2)
  5 stone giants
  2 elemental wellsprings (Coc:2)
  A merfolk javelineer (Shoals:3)
  A blizzard demon (Coc:1)
  A deep elf high priest (Depths:1)
  3 death oozes (Slime:5)
  3 yaktaur captains
  A quicksilver dragon zombie (Coc:2)
  An ice dragon (Coc:2)
  2 vault guards (Vaults:3)
  A dancing weapon (Vaults:3)
  2 tengu warriors (Depths:2)
  2 centaur warriors
  4 hell hogs (Geh:2)
  A deep elf knight (Elf:3)
  A storm dragon skeleton (Coc:2)
  2 sun demons
  A deep troll (Vaults:3)
  5 hell knights
  A spatial maelstrom (Abyss:3)
  4 deep elf archers
  An anaconda zombie (Geh:2)
  2 shadow demons (Tar:2)
  2 cyclopes
  A wizard (Vaults:3)
  An iron dragon zombie (Geh:2)
  2 ironbrand convokers (Vaults:3)
  A fire giant zombie (Geh:2)
  A stone giant zombie (Vaults:3)
  2 fauns
  3 deep elf magi
  A moth of wrath (Zot:5)
  57 ball lightnings
  3 vault sentinels
  3 molten gargoyles (Geh:2)
  An eye of devastation (Slime:5)
  A guardian serpent (Snake:3)
  3 hellions
  10 yaktaurs
  2 freezing wraiths (Vaults:3)
  2 red devils (Geh:2)
  A meliai (Abyss:3)
  A hornet (Depths:2)
  A catoblepas skeleton (Coc:2)
  A harpy skeleton (Geh:2)
  An ice dragon zombie (Hell)
  3 fire dragon skeletons (Geh:2)
  A spriggan (Depths:2)
  A water elemental (Elf:2)
  A wraith (Geh:2)
  A fire elemental (Hell)
  A ynoxinul (Abyss:3)
  A chaos spawn (Abyss:2)
  2 spatial vortices (Geh:2)
  3 insubstantial wisps (Abyss:1)
  A naga (Snake:3)
  A hell hound (Geh:2)
  A cane toad skeleton (Geh:2)
  An orc warrior (Orc)
  A slave (D:7)
  A boggart (Depths:4)
  2 centaurs
  A small abomination (Abyss:3)
  A killer bee (Abyss:3)
  2 human zombies
  A starcursed mass (Abyss:3)
  An orc (D:11)
  3 fire vortices (Vaults:2)
  7 fungi
  5 lurking horrors
  49 plants
  43 starspawn tentacles
  22 tentacles
  4 withered plants (D:12)
343 creatures vanquished.

Grand Total: 3949 creatures vanquished

Notes
Turn   | Place    | Note
-------+----------+-------------------------------------------
     0 | D:1      | hofbold the Fairy Air Elementalist began the quest for the
                  | Orb.
     0 | D:1      | Reached XP level 1. HP: 11/11 MP: 6/6
   365 | D:1      | Reached XP level 2. HP: 17/17 MP: 7/7
   858 | D:2      | Noticed an ogre
   905 | D:2      | Found a blossoming altar of Fedhas.
   942 | D:2      | Reached XP level 3. HP: 22/22 MP: 9/9
   999 | D:2      | Killed an ogre
   999 | D:2      | Reached skill level 1 in Fighting
   999 | D:2      | Reached skill level 3 in Dodging
   999 | D:2      | Reached skill level 1 in Unarmed Combat
   999 | D:2      | Reached XP level 4. HP: 28/28 MP: 10/10
  1135 | D:2      | Found a shattered altar of Ashenzari.
  1137 | D:2      | Reached XP level 5. HP: 33/33 MP: 12/12
  1142 | D:2      | Learned a level 3 spell: Static Discharge
  1145 | D:2      | Learned a level 2 spell: Swiftness
  1150 | D:2      | Learned a level 4 spell: Airstrike
  1151 | D:2      | Found a basalt altar of Yredelemnul.
  1151 | D:2      | Found a shadowy altar of Dithmenos.
  1153 | D:2      | Found a basalt altar of Yredelemnul.
  1153 | D:2      | Found a blossoming altar of Fedhas.
  1153 | D:2      | Found a shimmering altar of Xom.
  1792 | D:3      | Found a burning altar of Makhleb.
  1792 | D:3      | Found a shimmering altar of Xom.
  1798 | D:3      | Reached XP level 6. HP: 38/38 MP: 13/13
  1905 | D:3      | Found a stormy altar of Qazlal.
  1952 | D:3      | Found a runed door.
  2410 | D:3      | Noticed Crazy Yiuf
  2415 | D:3      | Killed Crazy Yiuf
  2561 | D:4      | Reached skill level 4 in Dodging
  2562 | D:4      | Reached skill level 1 in Shields
  2570 | D:4      | Reached skill level 1 in Evocations
  2570 | D:4      | Reached XP level 7. HP: 44/44 MP: 13/15
  3379 | D:5      | Entered Level 5 of the Dungeon
  3802 | D:5      | Reached skill level 5 in Air Magic
  3935 | D:5      | Learned a level 5 spell: Lightning Bolt
  3952 | D:5      | Found a runed translucent gate.
  3954 | D:5      | Found a runed translucent gate.
  3955 | D:5      | Noticed yrara's ghost (novice DsFi)
  3956 | D:5      | Found a runed translucent gate.
  4074 | D:5      | Noticed Menkaure
  4090 | D:5      | Killed Menkaure
  4090 | D:5      | Reached XP level 8. HP: 51/51 MP: 15/17
  4751 | D:6      | Reached skill level 5 in Dodging
  4796 | D:6      | Found a shimmering blue altar of Sif Muna.
  4888 | D:6      | Reached skill level 5 in Spellcasting
  4910 | D:6      | Found a staircase to the Ecumenical Temple.
  4928 | Temple   | Entered the Ecumenical Temple
  4982 | Temple   | Became a worshipper of Lugonu the Unformed
  5012 | D:6      | Noticed a troll
  5040 | D:6      | Killed a troll
  5040 | D:6      | Reached XP level 9. HP: 27/57 MP: 13/19
  5615 | D:6      | Reached skill level 5 in Conjurations
  5861 | D:7      | Found a hazy altar of Hepliaklqana.
  5995 | D:7      | Reached skill level 6 in Dodging
  6193 | D:7      | Found the +8 glaive of the Guard {elec, +Rage AC+5 SInv}
  6193 | D:7      | Found a staircase to the Lair.
  6209 | D:7      | Reached ** piety under Lugonu
  6209 | D:7      | Reached XP level 10. HP: 63/63 MP: 21/21
  6230 | D:7      | Reached skill level 5 in Shields
  6459 | D:7      | Reached skill level 7 in Dodging
  6700 | D:7      | Learned a level 1 spell: Apportation
  6702 | D:7      | Learned a level 1 spell: Summon Butterflies
  6716 | D:7      | Noticed Pikel
  6724 | D:7      | Killed Pikel
  6818 | D:7      | Reached skill level 1 in Translocations
  6955 | D:7      | Found a basalt altar of Yredelemnul.
  7128 | D:7      | Reached skill level 1 in Invocations
  7238 | D:7      | Reached skill level 5 in Evocations
  7243 | Lair:1   | Entered Level 1 of the Lair of Beasts
  7243 | Lair:1   | Noticed a cane toad
  7254 | D:7      | Killed a cane toad
  7566 | Lair:1   | Found an iron altar of Okawaru.
  7645 | Lair:1   | Reached XP level 11. HP: 68/70 MP: 23/23
  7844 | Lair:1   | Reached skill level 5 in Stealth
  8226 | Lair:1   | Reached skill level 5 in Unarmed Combat
  8451 | Lair:1   | Reached skill level 5 in Fighting
  9194 | Lair:2   | Reached skill level 8 in Dodging
  9409 | Lair:2   | Got a vibrating copper ring
  9410 | Lair:2   | Identified the ring of Wadum {rN++ MR+++ AC+5 Str-2 Int+4}
                  | (You found it on level 2 of the Lair of Beasts)
  9446 | Lair:2   | Noticed a four-headed hydra
  9449 | Lair:2   | Killed a four-headed hydra
  9892 | Lair:2   | Found a staircase to the Snake Pit.
 10268 | Lair:3   | Noticed a four-headed hydra
 10272 | Lair:3   | Killed a four-headed hydra
 10272 | Lair:3   | Reached *** piety under Lugonu
 10859 | Lair:3   | Noticed an ice dragon
 11822 | Lair:3   | Killed an ice dragon
 11822 | Lair:3   | Reached XP level 12. HP: 40/77 MP: 5/26
 12514 | Lair:4   | Found a snail-covered altar of Cheibriados.
 12934 | Lair:4   | Reached skill level 9 in Dodging
 13096 | Lair:4   | Noticed a five-headed hydra
 13096 | Lair:4   | Noticed a death yak
 13120 | Lair:4   | Killed a death yak
 13124 | Lair:4   | Killed a five-headed hydra
 13529 | Lair:4   | Noticed a six-headed hydra
 13533 | Lair:4   | Noticed an eight-headed hydra
 13534 | Lair:4   | Killed a six-headed hydra
 13535 | Lair:4   | Killed an eight-headed hydra
 14003 | Lair:4   | Found a staircase to the Shoals.
 14115 | Lair:5   | Reached skill level 5 in Translocations
 14391 | Lair:5   | Reached **** piety under Lugonu
 14451 | Lair:5   | Reached skill level 5 in Invocations
 14721 | Lair:5   | Noticed an alligator
 14730 | Lair:5   | Killed an alligator
 14730 | Lair:5   | Reached XP level 13. HP: 79/84 MP: 21/28
 15047 | Lair:5   | Reached skill level 10 in Dodging
 15238 | Lair:5   | Received a gift from Lugonu
 15389 | Lair:5   | Got an encrusted hand axe
 15640 | Lair:5   | Found a staircase to the Slime Pits.
 15647 | Lair:5   | Found a viscous altar of Jiyva.
 15688 | Lair:6   | Entered Level 6 of the Lair of Beasts
 16043 | Lair:6   | Reached skill level 1 in Summonings
 16055 | Lair:6   | Received a gift from Lugonu
 16500 | Lair:6   | Reached skill level 10 in Air Magic
 17251 | Lair:6   | Reached skill level 10 in Spellcasting
 17614 | Lair:6   | Reached XP level 14. HP: 92/92 MP: 13/30
 17616 | Lair:6   | Received a gift from Lugonu
 17846 | Lair:6   | Found a sparkling altar of Nemelex Xobeh.
 18220 | Lair:6   | Found a large runed door.
 18396 | Lair:6   | Found a large runed door.
 19041 | D:8      | Learned a level 9 spell: Tornado
 19047 | D:8      | Learned a level 5 spell: Summon Lightning Spire
 19384 | D:8      | Found Kyijikext's Assorted Antiques.
 19392 | D:8      | Bought a scroll of teleportation for 99 gold pieces
 19392 | D:8      | Bought a scroll of remove curse for 99 gold pieces
 19392 | D:8      | Bought a pair of runed boots for 247 gold pieces
 19480 | D:8      | Identified the +6 hand axe "Ivoysani" {speed, rC+ rN+ MP+9
                  | Int+4} (You found it on level 5 of the Lair of Beasts)
 19740 | D:8      | Found an ornate altar of the Wu Jian Council.
 20218 | D:9      | Reached skill level 10 in Conjurations
 20348 | D:9      | Found a glowing silver altar of Zin.
 20389 | D:9      | Found Yfemi's Changing Room.
 20421 | D:9      | Bought 2 potions of mutation for 224 gold pieces
 20421 | D:9      | Bought a book of Transfigurations for 770 gold pieces
 20421 | D:9      | Bought a potion of mutation for 112 gold pieces
 20421 | D:9      | Bought a potion of lignification for 42 gold pieces
 20421 | D:9      | Bought a potion of mutation for 112 gold pieces
 20453 | D:9      | Noticed Prince Ribbit
 20459 | D:9      | Received a gift from Lugonu
 20464 | D:9      | Killed Prince Ribbit
 20576 | D:9      | Found a shattered altar of Ashenzari.
 20781 | D:9      | Found a white marble altar of Elyvilon.
 21033 | D:10     | Entered Level 10 of the Dungeon
 21156 | D:10     | Found a runed translucent door.
 21157 | D:10     | Noticed Quickbrownfox's ghost (journeyman GrAc)
 21506 | D:10     | Noticed Urug
 21517 | D:10     | Killed Urug
 21517 | D:10     | Reached skill level 11 in Dodging
 22049 | D:11     | Reached ***** piety under Lugonu
 22215 | D:11     | Received a gift from Lugonu
 22216 | D:11     | Got a brightly glowing hat {god gift}
 22239 | D:11     | Identified the +0 hat of the Wumpus {Int-3 Dex+6} (Lugonu
                  | gifted it to you on level 11 of the Dungeon)
 22813 | D:11     | Found a gate to the Vaults.
 23428 | D:11     | Found a shadowy altar of Dithmenos.
 23518 | D:11     | Got a bone war axe
 23549 | D:11     | Found a roughly hewn altar of Beogh.
 23549 | D:11     | Found a staircase to the Orcish Mines.
 23711 | D:11     | Identified the +6 war axe of Ashenzari {chop, +Inv} (You
                  | found it on level 11 of the Dungeon)
 23743 | Orc      | Entered the Orcish Mines
 23744 | Orc      | Found Hoamodor's Antique Weapon Emporium.
 24049 | Orc      | Reached skill level 10 in Shields
 24707 | Orc      | Found a roughly hewn altar of Beogh.
 24808 | Orc      | Found Byijoghu's Gadget Emporium.
 24808 | Orc      | Found Kielo's Weapon Shoppe.
 24809 | Orc      | Found Qilivvug's Weapon Shoppe.
 24829 | Orc      | Found Kukogez's Armour Emporium.
 24839 | Orc      | Bought the +6 staff of Battle {slice, MP+12} for 880 gold
                  | pieces
 24839 | Orc      | Found the +6 staff of Battle {slice, MP+12}
 24940 | Orc      | Found a staircase to the Elven Halls.
 25219 | D:12     | Entered Level 12 of the Dungeon
 25219 | D:12     | Found a portal to a secret trove of treasure.
 25224 | D:12     | Reached XP level 15. HP: 99/99 MP: 27/31
 25698 | D:12     | Received a gift from Lugonu
 25698 | D:12     | Reached skill level 5 in Summonings
 26054 | D:12     | Found a staircase to the Depths.
 26242 | D:12     | Found Elidwive's Armour Boutique.
 26265 | D:12     | Received a gift from Lugonu
 26276 | D:12     | Got a brightly glowing helmet {god gift}
 26282 | D:12     | Identified the +3 helmet of Lifelessness {rC+ MR+ Regen+
                  | Str+2} (Lugonu gifted it to you on level 12 of the Dungeon)
 26285 | D:12     | Bought a +0 medium shield for 63 gold pieces
 26358 | D:12     | Noticed Snorg
 26369 | D:12     | Killed Snorg
 27382 | Snake:1  | Entered Level 1 of the Snake Pit
 27382 | Snake:1  | Noticed a nagaraja
 27647 | Snake:1  | Killed a nagaraja
 28327 | Elf:1    | Entered Level 1 of the Elven Halls
 28328 | Elf:1    | Reached skill level 12 in Dodging
 28331 | Elf:1    | Noticed a deep elf sorcerer
 28340 | Elf:1    | Killed a deep elf sorcerer
 28511 | Elf:1    | Identified the Grimoire of Attacks
 28588 | Elf:1    | Noticed Asterion
 28596 | Elf:1    | Noticed a cacodemon
 28596 | Elf:1    | Killed Asterion
 28606 | Elf:1    | Reached XP level 16. HP: 106/106 MP: 4/33
 29011 | Elf:1    | Noticed Roxanne
 29039 | Elf:1    | Killed Roxanne
 29435 | Elf:1    | Noticed Agnes
 29438 | Elf:1    | Killed Agnes
 29759 | Elf:1    | Got a twisted flail
 29788 | Elf:2    | Found Waecod's Gadget Boutique.
 29816 | Elf:2    | Found Fewe's Jewellery Emporium.
 29850 | Elf:2    | Bought an uncursed ring of insulation for 360 gold pieces
 29852 | Elf:2    | Bought a cursed ring of see invisible for 216 gold pieces
 29879 | Elf:2    | Learned a level 6 spell: Conjure Ball Lightning
 30207 | Elf:2    | Found Yrelossiuta's Weapon Shop.
 30305 | Elf:2    | Identified the +0 flail of Yffa {flame, Dex+4 SInv} (You
                  | found it on level 1 of the Elven Halls)
 30447 | Elf:2    | Found Hinin's Antique Weapon Emporium.
 30647 | Elf:2    | Found a runed gate.
 30647 | Elf:2    | Found a runed gate.
 30652 | Elf:2    | Found a runed gate.
 32040 | Elf:3    | Entered Level 3 of the Elven Halls
 32452 | Elf:3    | Reached XP level 17. HP: 26/112 MP: 32/35
 32613 | Elf:3    | Received a gift from Lugonu
 33120 | Elf:3    | Reached skill level 13 in Dodging
 34268 | Elf:3    | Identified the ring "Raafy" {Int+8 Dex+4 Slay+3}
 34601 | Elf:3    | Noticed a deep elf blademaster
 34610 | Elf:3    | Killed a deep elf blademaster
 35206 | Vaults:1 | Entered Level 1 of the Vaults
 35240 | Vaults:1 | Reached XP level 18. HP: 120/120 MP: 1/36
 35338 | Vaults:1 | Learned a level 8 spell: Chain Lightning
 35443 | Vaults:1 | Gained mutation: You are clumsy. (Dex -2) [mutagenic glow]
 35500 | Vaults:1 | Found Gaat's Armour Boutique.
 36214 | Vaults:1 | Gained mutation: You are frail. (-10% HP) [mutagenic glow]
 36482 | Vaults:1 | Reached skill level 10 in Evocations
 36922 | Vaults:2 | Reached skill level 10 in Fighting
 37361 | Vaults:2 | Noticed Aizul
 37759 | Vaults:2 | Noticed Sojobo
 37764 | Vaults:2 | Received a gift from Lugonu
 37772 | Vaults:2 | Killed Sojobo
 37772 | Vaults:2 | Reached skill level 14 in Dodging
 37910 | Vaults:2 | Got a slimy platinum amulet
 37925 | Vaults:2 | Noticed Xtahua
 37949 | Vaults:2 | HP: 1/108 [something] (6)]
 38237 | D:5      | Killed yrara's ghost
 38424 | D:10     | Killed Quickbrownfox's ghost
 38753 | Shoals:1 | Entered Level 1 of the Shoals
 38773 | Shoals:1 | Received a gift from Lugonu
 39154 | Shoals:1 | Reached XP level 19. HP: 113/113 MP: 38/38
 39584 | Shoals:1 | Identified the amulet "Saoliun" {Spirit MR++ Int-5} (You
                  | found it on level 2 of the Vaults)
 39760 | Shoals:1 | Reached skill level 1 in Earth Magic
 40080 | Shoals:2 | Received a gift from Lugonu
 40098 | Shoals:2 | Noticed Polyphemus
 40103 | Shoals:2 | Killed Polyphemus
 40149 | Shoals:2 | Reached skill level 10 in Invocations
 40557 | Shoals:2 | Noticed Bai Suzhen
 40831 | Shoals:2 | Killed Bai Suzhen
 41116 | Shoals:3 | Entered Level 3 of the Shoals
 41150 | Shoals:3 | Received a gift from Lugonu
 41752 | Shoals:3 | Identified the +1 trident of the Median {distort, +Fly
                  | rPois}
 42192 | Shoals:3 | Reached skill level 10 in Stealth
 42193 | Shoals:3 | Lost mutation: You are clumsy. (Dex -2) [potion of
                  | mutation]
 42193 | Shoals:3 | Lost mutation: You are frail. (-10% HP) [potion of
                  | mutation]
 42193 | Shoals:3 | Gained mutation: You expend magic power (3 MP) to
                  | strengthen your wands. [potion of mutation]
 42193 | Shoals:3 | Gained mutation: You are weak. (Str -2) [potion of
                  | mutation]
 42193 | Shoals:3 | Gained mutation: You have an increased reservoir of magic.
                  | (+10% MP) [potion of mutation]
 42193 | Shoals:3 | Gained mutation: You have supernaturally acute eyesight.
                  | (SInv) [potion of mutation]
 42639 | Shoals:3 | Reached skill level 5 in Earth Magic
 42899 | Shoals:3 | Got a barnacled rune of Zot
 43010 | Shoals:3 | Identified the Volume of Mutagenic Conjuration
 43665 | Snake:1  | Noticed Saint Roka
 43673 | Snake:1  | Killed Saint Roka
 44241 | Snake:2  | Noticed Vashnia
 44242 | Snake:2  | Noticed Nikola
 44355 | Snake:1  | Killed Nikola
 44408 | Snake:2  | Reached XP level 20. HP: 125/134 MP: 29/43
 44430 | Snake:1  | Reached skill level 10 in Summonings
 44628 | Snake:2  | Killed Vashnia
 44714 | Snake:2  | Reached skill level 15 in Dodging
 45274 | Snake:2  | Received a gift from Lugonu
 46195 | Snake:3  | Entered Level 3 of the Snake Pit
 46769 | Snake:3  | Reached skill level 10 in Unarmed Combat
 48045 | Snake:3  | Got a serpentine rune of Zot
 48440 | Vaults:2 | Killed Aizul
 48497 | Vaults:2 | Reached XP level 21. HP: 141/141 MP: 45/45
 48840 | Vaults:2 | Killed Xtahua
 48840 | Vaults:2 | Reached skill level 15 in Air Magic
 48840 | Vaults:2 | Reached skill level 10 in Earth Magic
 49000 | Vaults:2 | Found a staircase to the Crypt.
 49000 | Vaults:2 | Found an ancient bone altar of Kikubaaqudgha.
 49001 | Vaults:2 | Found a basalt altar of Yredelemnul.
 49071 | Vaults:2 | Received a gift from Lugonu
 49337 | Vaults:2 | Reached skill level 15 in Spellcasting
 49634 | Vaults:2 | Reached skill level 16 in Dodging
 49669 | Vaults:2 | Found Uqyosam's Magic Scroll Shoppe.
 49675 | Vaults:2 | Bought a scroll of blinking for 112 gold pieces
 49675 | Vaults:2 | Bought a scroll of remove curse for 45 gold pieces
 49675 | Vaults:2 | Bought 3 scrolls of fear for 157 gold pieces
 49675 | Vaults:2 | Bought a scroll of remove curse for 45 gold pieces
 49675 | Vaults:2 | Bought a scroll of identify for 30 gold pieces
 49675 | Vaults:2 | Bought a scroll of identify for 30 gold pieces
 49675 | Vaults:2 | Bought a scroll of identify for 30 gold pieces
 49675 | Vaults:2 | Bought a scroll of identify for 30 gold pieces
 49866 | Vaults:3 | Entered Level 3 of the Vaults
 49993 | Depths:1 | Entered Level 1 of the Depths
 50114 | Depths:1 | Received a gift from Lugonu
 50309 | Depths:1 | Reached skill level 15 in Shields
 50769 | Depths:1 | Reached skill level 15 in Conjurations
 51245 | Depths:1 | Found a one-way gate leading to the halls of Pandemonium.
 51334 | Depths:1 | Found a gateway to Hell.
 51717 | Depths:2 | Reached skill level 17 in Dodging
 51724 | Depths:2 | Identified the +5 long sword of the Spectre {drain, rC+}
 51732 | Depths:2 | Reached XP level 22. HP: 93/150 MP: 19/47
 51734 | Depths:2 | Identified the cursed +1 ring mail of Wonder {+Fly rC++
                  | rCorr}
 51735 | Depths:2 | Corrupted Depths:2
 52102 | Depths:2 | Identified the +3 pair of gloves of the Cockatrice {rF++
                  | Int-3 Dex+3} (Lugonu gifted it to you on level 2 of the
                  | Depths)
 52102 | Depths:2 | Received a gift from Lugonu
 52468 | Depths:2 | Found a one-way gate to the infinite horrors of the Abyss.
 52487 | Depths:2 | Reached skill level 18 in Dodging
 52737 | Depths:2 | Noticed a golden dragon
 52775 | Depths:2 | Killed a golden dragon
 52910 | Depths:2 | Identified the +1 pair of gloves of Greater Demons {Regen+
                  | Dex+3}
 54009 | Depths:3 | Identified the +3 broad axe "Vaizes" {chop, rElec Str-3
                  | Int-2 SInv}
 54011 | Depths:3 | Identified the +4 shortbow "Tour Joki" {freeze, SInv}
 54085 | Depths:3 | Found an iron altar of Okawaru.
 54092 | Depths:3 | Identified the +6 dagger "X" {elec, rF+}
 54123 | Depths:3 | Identified the +5 short sword of the Lesser Evil {drain,
                  | *Contam rElec rN+ Stlth+}
 54291 | Depths:3 | Identified the cursed ring of Suspicion {rElec Int-3}
 54303 | Depths:3 | Reached XP level 23. HP: 135/158 MP: 10/48
 54545 | Depths:3 | Found an iron altar of Okawaru.
 55945 | Depths:4 | Received a gift from Lugonu
 56075 | Depths:4 | Identified the +2 cloak of the Sun {*Contam +Blink +Inv
                  | rPois} (Lugonu gifted it to you on level 4 of the Depths)
 56075 | Depths:4 | Received a gift from Lugonu
 56469 | Depths:4 | Noticed a juggernaut
 56477 | Depths:4 | Killed a juggernaut
 56583 | Depths:4 | Reached skill level 19 in Dodging
 56615 | Depths:4 | Reached ****** piety under Lugonu
 56914 | Depths:4 | Noticed a Killer Klown
 56919 | Depths:4 | Killed a Killer Klown
 56940 | Depths:4 | Identified the +7 demon trident of the Beast {venom, rElec
                  | rF- rN+ MR+}
 57204 | Depths:4 | Noticed Louise
 57205 | Depths:4 | Killed Louise
 57223 | Depths:4 | Found a gateway to a ziggurat.
 57497 | Depths:4 | Identified the +6 faerie dragon scales {*Corrode rPois
                  | rN+++ rCorr MP+9}
 57497 | Depths:4 | Noticed the Enchantress
 57502 | Depths:4 | Killed the Enchantress
 57564 | Depths:4 | Identified the cursed -5 helmet of the Final Friends
                  | {Stlth+}
 57714 | Depths:5 | Entered Level 5 of the Depths
 57715 | Depths:5 | Noticed Margery
 57719 | Depths:5 | Killed Margery
 57720 | Depths:5 | Reached XP level 24. HP: 158/166 MP: 22/49
 57993 | Depths:5 | Noticed a caustic shrike
 57995 | Depths:5 | Killed a caustic shrike
 58038 | Depths:5 | Noticed a caustic shrike
 58038 | Depths:5 | Noticed a caustic shrike
 58042 | Depths:5 | Killed a caustic shrike
 58042 | Depths:5 | Killed a caustic shrike
 58044 | Depths:5 | Noticed a caustic shrike
 58047 | Depths:5 | Killed a caustic shrike
 58182 | Hell     | Entered the Vestibule of Hell
 58182 | Hell     | Noticed Geryon
 58194 | Hell     | Found a gateway to the decaying netherworld of Tartarus.
 58429 | Hell     | Gained mutation: You are dopey. (Int -2) [a cacodemon]
 58555 | Hell     | Killed Geryon
 58710 | Hell     | Received a gift from Lugonu
 58906 | Hell     | Identified the +1 pair of boots "Wisilo" {Dex+4 SInv}
                  | (Lugonu gifted it to you in the Vestibule of Hell)
 58906 | Hell     | Received a gift from Lugonu
 58922 | Hell     | Lost mutation: You are weak. (Str -2) [potion of mutation]
 58922 | Hell     | Lost mutation: You have an increased reservoir of magic.
                  | (+10% MP) [potion of mutation]
 58922 | Hell     | Gained mutation: You have large cloven feet. [potion of
                  | mutation]
 58922 | Hell     | Lost mutation: You have supernaturally acute eyesight.
                  | (SInv) [potion of mutation]
 58922 | Hell     | Lost mutation: You are dopey. (Int -2) [potion of mutation]
 58922 | Hell     | Gained mutation: Your flesh is heat resistant. (rF+)
                  | [potion of mutation]
 59287 | D:12     | You paid a toll of the horn of Geryon to enter a treasure
                  | trove
 59288 | Trove    | Entered a treasure trove
 59342 | Trove    | Identified the amulet "Xufu" {RegenMP Str+4 Dex-3 Slay+3}
 59348 | Trove    | Identified the amulet of Res Nullius {+Fly rPois rC+ Regen+
                  | Dex+2}
 59350 | Trove    | Identified the amulet "Hiump" {+Rage Dex+4}
 59755 | Depths:5 | Found a gate to the Realm of Zot.
 60059 | Depths:5 | Reached skill level 20 in Dodging
 60787 | Depths:5 | Identified the cursed -4 pair of gloves of the Heavens
                  | {+Blink rPois rN+}
 60914 | Depths:5 | Reached skill level 15 in Fighting
 61259 | Vaults:2 | Reached XP level 25. HP: 124/174 MP: 17/46
 62017 | Slime:1  | Entered Level 1 of the Pits of Slime
 62867 | Slime:2  | Found a viscous altar of Jiyva.
 63462 | Slime:3  | Identified the +5 medium shield "Imiesa Japt" {rF+ rCorr
                  | Slay+3} (Lugonu gifted it to you on level 3 of the Pits of
                  | Slime)
 63462 | Slime:3  | Received a gift from Lugonu
 65457 | Slime:3  | Paralysed by a floating eye for 3 turns
 66461 | Slime:5  | Entered Level 5 of the Pits of Slime
 66478 | Slime:5  | Noticed the Royal Jelly
 67334 | Slime:5  | Identified the +0 buckler of the Unstoppable Nights {rPois
                  | Str-5 Dex-5 SInv} (Lugonu gifted it to you on level 5 of
                  | the Pits of Slime)
 67334 | Slime:5  | Received a gift from Lugonu
 67883 | Slime:5  | Corrupted Slime:5
 67900 | Slime:5  | Killed the Royal Jelly
 68314 | Slime:5  | Identified the Collected Works on Earth and the Birds
 68317 | Slime:5  | Got a slimy rune of Zot
 68364 | Slime:5  | Identified the ring of the Death Scarab {Wiz rElec}
 68397 | Slime:5  | Identified the +5 plate armour "Zusheu" {+Blink MP-9 Int+3}
 68410 | Slime:5  | Identified the +7 falchion of Massacring {drain, *Slow
                  | rPois Str+7 Stlth+}
 69487 | Hell     | Found a gateway to the Iron City of Dis.
 69712 | Hell     | Found a gateway to the freezing wastes of Cocytus.
 70192 | Zot:1    | Entered Level 1 of the Realm of Zot
 70235 | Zot:1    | Noticed a golden dragon
 70242 | Zot:1    | Killed a golden dragon
 70259 | Depths:5 | Reached skill level 21 in Dodging
 70722 | Vaults:3 | Reached XP level 26. HP: 126/181 MP: 34/47
 70740 | Vaults:3 | Reached XP level 27. HP: 128/188 MP: 9/47
 72007 | Vaults:3 | Corrupted Vaults:3
 72251 | Vaults:3 | Noticed a juggernaut
 72255 | Vaults:3 | Killed a juggernaut
 72499 | Vaults:3 | Received a gift from Lugonu
 72837 | Vaults:3 | Got a silver rune of Zot
 73397 | Vaults:3 | Identified the Handbook of Aid and Flight
 73733 | Vaults:3 | Identified the +0 pair of gloves of the Thistle {rElec rC+
                  | Dex+3 Stlth+}
 73738 | Vaults:3 | Identified the +2 great sword of Gallantry {slice, *Slow
                  | rF+++ Dex+5}
 73932 | Geh:1    | Entered Level 1 of Gehenna
 73953 | Geh:2    | Entered Level 2 of Gehenna
 74019 | Geh:2    | Identified the +2 pair of gloves "Uxemoihi" {rN+ Int-3
                  | SInv} (Lugonu gifted it to you on level 2 of Gehenna)
 74019 | Geh:2    | Received a gift from Lugonu
 75429 | Geh:2    | Reached skill level 22 in Dodging
 75897 | Abyss:1  | Noticed an ancient lich
 75901 | Abyss:1  | Killed an ancient lich
 76447 | Abyss:3  | Found a corrupted altar of Lugonu.
 76650 | Abyss:3  | Reached skill level 1 in Axes
 77123 | Geh:2    | Escaped the Abyss
 77139 | Geh:2    | Corrupted Geh:2
 77393 | Geh:2    | Received a gift from Lugonu
 77572 | Geh:2    | Identified the +7 sceptre of Asmodeus
 77572 | Geh:2    | Noticed Asmodeus
 78039 | Geh:2    | Got an obsidian rune of Zot
 78284 | Depths:2 | Voluntarily entered the Abyss.
 78284 | Abyss:1  | Found a corrupted altar of Lugonu.
 78388 | Abyss:3  | Found a shimmering altar of Xom.
 78435 | Abyss:3  | Learned a level 7 spell: Spellforged Servitor
 78442 | Abyss:3  | Learned a level 6 spell: Statue Form
 78490 | Abyss:3  | Reached skill level 5 in Axes
 78763 | Abyss:3  | Paralysed by you for 2 turns
 78779 | Abyss:3  | Reached skill level 1 in Transmutations
 78916 | Abyss:3  | Found a corrupted altar of Lugonu.
 79177 | Abyss:3  | Paralysed by accursed screaming for 2 turns
 79195 | Abyss:3  | Reached skill level 15 in Unarmed Combat
 79488 | Depths:2 | Escaped the Abyss
 79620 | Depths:2 | Voluntarily entered the Abyss.
 79772 | Depths:2 | Escaped the Abyss
 79953 | Depths:2 | Voluntarily entered the Abyss.
 79958 | Abyss:2  | Found a corrupted altar of Lugonu.
 79983 | Abyss:2  | Found a corrupted altar of Lugonu.
 79990 | Abyss:2  | Found a corrupted altar of Lugonu.
 80014 | Abyss:2  | Identified the cursed +3 falchion "Nape" {venom, Dex+2}
 80076 | Abyss:2  | Identified the cursed +0 ring mail of Voepoop {*Drain
                  | Dex+8}
 80285 | Abyss:2  | Found an opulent altar of Gozag.
 80334 | Abyss:2  | Reached skill level 23 in Dodging
 80349 | Abyss:2  | Paralysed by accursed screaming for 2 turns
 80352 | Depths:2 | Escaped the Abyss
 80574 | Depths:2 | Voluntarily entered the Abyss.
 80791 | Abyss:3  | Paralysed by accursed screaming for 2 turns
 80798 | Abyss:3  | Paralysed by accursed screaming for 1 turns
 80806 | Abyss:3  | Paralysed by accursed screaming for 1 turns
 80889 | Depths:2 | Escaped the Abyss
 80981 | Depths:2 | Voluntarily entered the Abyss.
 81001 | Abyss:3  | Identified the ring "Salesaih" {MR+ Int+2 SInv Stlth+}
 81057 | Abyss:3  | Got an abyssal rune of Zot
 81103 | Depths:2 | Escaped the Abyss
 81115 | Depths:2 | Learned a level 9 spell: Shatter
 81298 | Crypt:1  | Entered Level 1 of the Crypt
 81488 | Crypt:1  | Learned a level 8 spell: Necromutation
 81739 | Crypt:1  | Noticed Jory
 81747 | Crypt:1  | Killed Jory
 81953 | Crypt:1  | Reached skill level 1 in Necromancy
 82111 | Crypt:2  | Entered Level 2 of the Crypt
 82239 | Crypt:2  | Reached skill level 5 in Transmutations
 82243 | Crypt:2  | Found a basalt altar of Yredelemnul.
 82419 | Crypt:2  | Gained mutation: Your body sometimes deteriorates upon
                  | taking damage. [mutagenic glow]
 82429 | Crypt:2  | Reached skill level 15 in Earth Magic
 82446 | Crypt:2  | Gained mutation: Your magical capacity is low. (-10% MP)
                  | [mutagenic glow]
 82524 | Crypt:2  | Found a staircase to the Tomb.
 82593 | Crypt:2  | Received a gift from Lugonu
 82653 | Crypt:2  | Identified the ring of Impatience {+Fly rElec Str+8 Int-4
                  | Stlth-}
 83170 | Crypt:2  | Identified the +0 robe of the Armadillo {Str+3 Int+2}
 83579 | Depths:5 | Learned a level 6 spell: Iron Shot
 84064 | Zot:2    | Identified the ring of Absolutism {rElec rC+ Dex+4}
 84089 | Zot:2    | Noticed a golden dragon
 84091 | Zot:2    | Noticed a golden dragon
 84389 | Zot:2    | Killed a golden dragon
 84390 | Zot:2    | Killed a golden dragon
 84486 | Zot:2    | Lost mutation: Your magical capacity is low. (-10% MP)
                  | [potion of mutation]
 84486 | Zot:2    | Lost mutation: You have large cloven feet. [potion of
                  | mutation]
 84486 | Zot:2    | Gained mutation: You are partially covered in molten
                  | scales. (AC +2) [potion of mutation]
 84486 | Zot:2    | Gained mutation: Scrolls take you a little longer to read.
                  | [potion of mutation]
 84486 | Zot:2    | Gained mutation: Your mind is acute. (Int +2) [potion of
                  | mutation]
 84487 | Zot:2    | Lost mutation: Your body sometimes deteriorates upon taking
                  | damage. [potion of mutation]
 84487 | Zot:2    | Lost mutation: Your mind is acute. (Int +2) [potion of
                  | mutation]
 84487 | Zot:2    | Lost mutation: Scrolls take you a little longer to read.
                  | [potion of mutation]
 84487 | Zot:2    | Lost mutation: Your flesh is heat resistant. (rF+) [potion
                  | of mutation]
 84487 | Zot:2    | Gained mutation: You evolve. [potion of mutation]
 84487 | Zot:2    | Gained mutation: Your mind is acute. (Int +2) [potion of
                  | mutation]
 85134 | Zot:3    | Identified the +2 hat of the Land of Plenty {+Blink rElec
                  | Dex-5 SInv} (Lugonu gifted it to you on level 3 of the
                  | Realm of Zot)
 85134 | Zot:3    | Received a gift from Lugonu
 85144 | Zot:3    | Reached skill level 5 in Necromancy
 85914 | Zot:4    | Gained mutation: You passively map a small area around you.
                  | [evolution]
 85969 | Zot:4    | Noticed a Killer Klown
 85974 | Zot:4    | Killed a Killer Klown
 86158 | Zot:4    | Noticed a golden dragon
 86166 | Zot:4    | Killed a golden dragon
 86166 | Zot:4    | Reached skill level 10 in Axes
 86166 | Zot:4    | Noticed a Killer Klown
 86173 | Zot:4    | Killed a Killer Klown
 86459 | Zot:4    | Noticed a golden dragon
 86460 | Zot:4    | Noticed a golden dragon
 86467 | Zot:4    | Killed a golden dragon
 86471 | Zot:4    | Killed a golden dragon
 86720 | Zot:5    | Entered Level 5 of the Realm of Zot
 87283 | Zot:5    | Reached skill level 24 in Dodging
 87472 | Zot:5    | Noticed an orb of fire
 87480 | Zot:5    | Gained mutation: You are clumsy. (Dex -2) [an orb of fire]
 87481 | Zot:5    | Gained mutation: You tend to lose your temper in combat.
                  | [an orb of fire]
 87483 | Zot:5    | Gained mutation: You are very clumsy. (Dex -4) [an orb of
                  | fire]
 87485 | Zot:5    | Lost mutation: Your mind is acute. (Int +2) [an orb of
                  | fire]
 87488 | Zot:5    | Killed an orb of fire
 87561 | Zot:5    | Noticed an ancient lich
 87572 | Zot:5    | Killed an ancient lich
 87708 | Zot:5    | Noticed an orb of fire
 87727 | Zot:5    | Gained mutation: Scrolls take you a little longer to read.
                  | [an orb of fire]
 87734 | Zot:5    | Killed an orb of fire
 87804 | Zot:5    | Noticed an ancient lich
 87816 | Zot:5    | Killed an ancient lich
 87816 | Zot:5    | Noticed a Killer Klown
 87821 | Zot:5    | Killed a Killer Klown
 87884 | Zot:5    | Noticed an orb of fire
 87891 | Zot:5    | Killed an orb of fire
 88026 | Zot:5    | Noticed a Killer Klown
 88032 | Zot:5    | Killed a Killer Klown
 88063 | Zot:5    | Noticed an ancient lich
 88066 | Zot:5    | Noticed an orb of fire
 88066 | Zot:5    | Noticed an orb of fire
 88067 | Zot:5    | Killed an ancient lich
 88067 | Zot:5    | Gained mutation: You often lose your temper in combat. [an
                  | orb of fire]
 88067 | Zot:5    | Gained mutation: Your spells are a little easier to cast,
                  | but a little less powerful. [an orb of fire]
 88071 | Zot:5    | Gained mutation: Scrolls take you longer to read. [an orb
                  | of fire]
 88072 | Zot:5    | Killed an orb of fire
 88072 | Zot:5    | Lost mutation: Your spells are a little easier to cast, but
                  | a little less powerful. [an orb of fire]
 88075 | Zot:5    | Killed an orb of fire
 88530 | Hell     | Lost mutation: You evolve. [potion of mutation]
 88530 | Hell     | Lost mutation: You expend magic power (3 MP) to strengthen
                  | your wands. [potion of mutation]
 88530 | Hell     | Lost mutation: You often lose your temper in combat.
                  | [potion of mutation]
 88530 | Hell     | Gained mutation: Your mind is acute. (Int +2) [potion of
                  | mutation]
 88531 | Hell     | Lost mutation: Your mind is acute. (Int +2) [potion of
                  | mutation]
 88531 | Hell     | Lost mutation: You passively map a small area around you.
                  | [potion of mutation]
 88531 | Hell     | Gained mutation: Scrolls take you much longer to read.
                  | [potion of mutation]
 88531 | Hell     | Lost mutation: You are very clumsy. (Dex -4) [potion of
                  | mutation]
 88531 | Hell     | Gained mutation: Your spells are a little harder to cast,
                  | but a little more powerful. [potion of mutation]
 88532 | Hell     | Lost mutation: You tend to lose your temper in combat.
                  | [potion of mutation]
 88532 | Hell     | Lost mutation: Scrolls take you much longer to read.
                  | [potion of mutation]
 88532 | Hell     | Lost mutation: You are clumsy. (Dex -2) [potion of
                  | mutation]
 88532 | Hell     | Lost mutation: Scrolls take you longer to read. [potion of
                  | mutation]
 88532 | Hell     | Gained mutation: You expend magic power (3 MP) to
                  | strengthen your wands. [potion of mutation]
 88533 | Hell     | Lost mutation: You expend magic power (3 MP) to strengthen
                  | your wands. [potion of mutation]
 88533 | Hell     | Lost mutation: Scrolls take you a little longer to read.
                  | [potion of mutation]
 88533 | Hell     | Lost mutation: Your spells are a little harder to cast, but
                  | a little more powerful. [potion of mutation]
 88533 | Hell     | Gained mutation: You are frail. (-10% HP) [potion of
                  | mutation]
 88533 | Hell     | Gained mutation: You are weak. (Str -2) [potion of
                  | mutation]
 88533 | Hell     | Lost mutation: You are frail. (-10% HP) [potion of
                  | mutation]
 88533 | Hell     | Gained mutation: Your flesh is cold resistant. (rC+)
                  | [potion of mutation]
 88563 | Coc:1    | Entered Level 1 of Cocytus
 88774 | Coc:1    | Received a gift from Lugonu
 88775 | Coc:1    | Found the +0 Maxwell's etheric cage {RegenMP+ *Contam rElec
                  | Stlth-}
 89508 | Coc:2    | Entered Level 2 of Cocytus
 89896 | Coc:2    | Reached skill level 10 in Transmutations
 89980 | Coc:2    | Received a gift from Lugonu
 90212 | Coc:2    | Identified the +0 pair of boots "Diymahid" {Str+3 Int+4}
                  | (Lugonu gifted it to you on level 2 of Cocytus)
 90212 | Coc:2    | Received a gift from Lugonu
 90313 | Coc:2    | Identified Jaihed's Tome of Venom
 90316 | Coc:2    | Identified the Volume of Dark Poison
 90321 | Coc:2    | Identified the +2 mace "Gitzyh" {pain, rC+}
 90542 | Coc:2    | Identified the ring "Edara" {rPois rC+ MP-9 Str+5 Slay+2}
 90542 | Coc:2    | Noticed Antaeus
 90556 | Coc:2    | Reached skill level 25 in Dodging
 90588 | Coc:2    | Killed Antaeus
 90642 | Coc:2    | Identified Wuzathrut's Collected Works on the Frostbite and
                  | Fire
 90646 | Coc:2    | Identified the +8 scimitar "Perph" {flame, *Slow Str+3
                  | Dex+7}
 90648 | Coc:2    | Identified the ring of Gluttony {rN+ Int+3}
 90662 | Coc:2    | Got an icy rune of Zot
 91115 | Tar:1    | Entered Level 1 of Tartarus
 91587 | Tar:1    | Received a gift from Lugonu
 91799 | Tar:1    | Received a gift from Lugonu
 92081 | Tar:1    | Gained mutation: You are occasionally teleported next to
                  | monsters. [mutagenic glow]
 92126 | Tar:1    | Gained mutation: You are clumsy. (Dex -2) [mutagenic glow]
 92220 | Tar:2    | Entered Level 2 of Tartarus
 92227 | Tar:2    | Received a gift from Lugonu
 92359 | Tar:2    | Identified the +2 buckler of Daabbun {rF+ Str+3 Int-2}
                  | (Lugonu gifted it to you on level 2 of Tartarus)
 92359 | Tar:2    | Received a gift from Lugonu
 92467 | Tar:2    | Reached skill level 15 in Evocations
 92469 | Tar:2    | Reached skill level 15 in Summonings
 92657 | Tar:2    | Noticed Ereshkigal
 92658 | Tar:2    | Corrupted Tar:2
 92658 | Tar:2    | Noticed the Serpent of Hell
 92701 | Tar:2    | Gained mutation: You occasionally shout uncontrollably at
                  | your foes. [mutagenic glow]
 92718 | Tar:2    | Gained mutation: You are very clumsy. (Dex -4) [mutagenic
                  | glow]
 92900 | Abyss:4  | Lost mutation: You are very clumsy. (Dex -4) [potion of
                  | mutation]
 92900 | Abyss:4  | Lost mutation: You are clumsy. (Dex -2) [potion of
                  | mutation]
 92900 | Abyss:4  | Lost mutation: You occasionally shout uncontrollably at
                  | your foes. [potion of mutation]
 92900 | Abyss:4  | Gained mutation: You are mostly covered in molten scales.
                  | (AC +3) [potion of mutation]
 92900 | Abyss:4  | Gained mutation: You are clumsy. (Dex -2) [potion of
                  | mutation]
 92900 | Abyss:4  | Gained mutation: You have a pair of small antennae on your
                  | head. [potion of mutation]
 92901 | Abyss:4  | Lost mutation: You are occasionally teleported next to
                  | monsters. [potion of mutation]
 92901 | Abyss:4  | Lost mutation: You are clumsy. (Dex -2) [potion of
                  | mutation]
 92901 | Abyss:4  | Lost mutation: You have a pair of small antennae on your
                  | head. [potion of mutation]
 92901 | Abyss:4  | Gained mutation: You are frail. (-10% HP) [potion of
                  | mutation]
 92901 | Abyss:4  | Gained mutation: You are very frail. (-20% HP) [potion of
                  | mutation]
 92901 | Abyss:4  | Gained mutation: Your spells are a little harder to cast,
                  | but a little more powerful. [potion of mutation]
 92902 | Abyss:4  | Lost mutation: Your flesh is cold resistant. (rC+) [potion
                  | of mutation]
 92902 | Abyss:4  | Lost mutation: You are mostly covered in molten scales. (AC
                  | +3) [potion of mutation]
 92902 | Abyss:4  | Gained mutation: Your magical capacity is low. (-10% MP)
                  | [potion of mutation]
 92902 | Abyss:4  | Lost mutation: You are very frail. (-20% HP) [potion of
                  | mutation]
 92903 | Abyss:4  | Lost mutation: Your magical capacity is low. (-10% MP)
                  | [potion of mutation]
 92903 | Abyss:4  | Lost mutation: You are frail. (-10% HP) [potion of
                  | mutation]
 92903 | Abyss:4  | Lost mutation: You are weak. (Str -2) [potion of mutation]
 92903 | Abyss:4  | Gained mutation: Your muscles are strong. (Str +2) [potion
                  | of mutation]
 92903 | Abyss:4  | Gained mutation: You have a beak for a mouth. [potion of
                  | mutation]
 92904 | Abyss:4  | Lost mutation: Your spells are a little harder to cast, but
                  | a little more powerful. [potion of mutation]
 92904 | Abyss:4  | Lost mutation: Your muscles are strong. (Str +2) [potion of
                  | mutation]
 92904 | Abyss:4  | Gained mutation: You are partially covered in rugged brown
                  | scales. (AC +1, +3% HP) [potion of mutation]
 92904 | Abyss:4  | Gained mutation: Your system is resistant to poisons.
                  | (rPois) [potion of mutation]
 92905 | Abyss:4  | Lost mutation: You are partially covered in molten scales.
                  | (AC +2) [potion of mutation]
 92905 | Abyss:4  | Lost mutation: Your system is resistant to poisons. (rPois)
                  | [potion of mutation]
 92905 | Abyss:4  | Gained mutation: You are robust. (+10% HP) [potion of
                  | mutation]
 92905 | Abyss:4  | Gained mutation: You are somewhat resistant to further
                  | mutation. [potion of mutation]
 92906 | Abyss:4  | Lost mutation: You are robust. (+10% HP) [potion of
                  | mutation]
 92906 | Abyss:4  | Lost mutation: You have a beak for a mouth. [potion of
                  | mutation]
 92906 | Abyss:4  | Lost mutation: You are somewhat resistant to further
                  | mutation. [potion of mutation]
 92906 | Abyss:4  | Gained mutation: You are robust. (+10% HP) [potion of
                  | mutation]
 92906 | Abyss:4  | Gained mutation: Potions are less effective at restoring
                  | your health. [potion of mutation]
 92906 | Abyss:4  | Gained mutation: You have large cloven feet. [potion of
                  | mutation]
 92974 | Tar:2    | Escaped the Abyss
 93037 | Tar:2    | Reached skill level 15 in Stealth
 93494 | Tar:2    | Received a gift from Lugonu
 93727 | Tar:2    | Reached skill level 15 in Invocations
 93817 | Tar:2    | Killed the Serpent of Hell
 93831 | Tar:2    | Killed Ereshkigal
 94022 | Tar:2    | Identified the +2 scale mail "Bini" {Int+3}
 94024 | Tar:2    | Identified the +3 halberd of Cheese {venom, Dex+7}
 94035 | Tar:2    | Got a bone rune of Zot
 94037 | Tar:2    | Identified the ring "Cusiqez" {*Slow +Blink MP+9 Dex+4}
 94116 | Tar:2    | Identified the +2 helmet of Magic {MR+} (Lugonu gifted it
                  | to you on level 2 of Tartarus)
 94116 | Tar:2    | Received a gift from Lugonu
 94356 | Dis:1    | Entered Level 1 of the Iron City of Dis
 94379 | Dis:1    | Lost mutation: You are robust. (+10% HP) [mutagenic glow]
 94407 | Dis:2    | Entered Level 2 of the Iron City of Dis
 94412 | Dis:2    | Gained mutation: Your body sometimes deteriorates upon
                  | taking damage. [mutagenic glow]
 94837 | Dis:2    | Reached skill level 26 in Dodging
 95084 | Dis:2    | Identified the +5 hat of Terror {rF+ Str+2 Slay-5} (Lugonu
                  | gifted it to you on level 2 of the Iron City of Dis)
 95084 | Dis:2    | Received a gift from Lugonu
 95232 | Dis:2    | Identified the +4 staff of Dispater
 95232 | Dis:2    | Noticed Dispater
 95238 | Dis:2    | Corrupted Dis:2
 95252 | Dis:2    | Got an iron rune of Zot
 95267 | Dis:2    | HP: 12/269 [Hell Sentinel/hellfire (41)]
 95268 | Dis:2    | Killed from afar by a Hell Sentinel

Skill      XL: |  1  2  3  4  5  6  7  8  9 10 11 12 13 14 15 16 17 18 19 20 21 22 23 24 25 26 27 |
---------------+----------------------------------------------------------------------------------+-----
Fighting       | 1 2 3 4 5 6 7 8 9 10 11 12 13 14 15 16 20 | 20.2
Dodging        | 3 4 5 6 7 8 9 10 11 12 13 14 15 17 18 19 20 21 26 | 26.2
Stealth        | 2 3 4 5 6 7 8 9 10 15 | 15.0
Unarmed Combat | 1 2 3 4 5 6 7 8 9 10 11 12 13 15 | 15.0
Spellcasting   | 3 4 5 6 7 8 9 10 11 12 13 14 15 16 17 18 20 | 20.0
Conjurations   | 2 3 4 5 6 7 8 9 10 11 12 13 14 15 16 17 18 20 | 20.0
Air Magic      | 4 5 6 7 8 9 10 11 12 13 14 15 16 17 18 20 | 20.0
Shields        | 1 2 3 4 5 7 8 9 10 11 12 13 14 15 19 | 19.6
Evocations     | 1 2 3 4 5 6 7 8 9 10 15 | 15.0
Translocations | 2 4 5 |  5.0
Invocations    | 1 3 5 6 7 8 9 10 15 | 15.0
Summonings     | 2 4 5 7 8 9 10 15 | 15.0
Earth Magic    | 6 9 13 19 | 19.4
Axes           | 13 | 13.8
Transmutations | 12 | 12.5
Necromancy     | 9 |  9.6

Action                   |  1- 3 |  4- 6 |  7- 9 | 10-12 | 13-15 | 16-18 | 19-21 | 22-24 | 25-27 || total
-------------------------+-------+-------+-------+-------+-------+-------+-------+-------+-------++-------
Melee: Unarmed           |       |     2 |       |    72 |     3 |       |       |       |       ||    77
       Dagger            |       |       |     7 |    11 |       |       |       |       |       ||    18
       Hand axe          |       |       |       |       |    18 |     4 |    24 |    16 |  4161 ||  4223
       Kick              |       |       |       |       |       |       |       |       |   630 ||   630
Throw: Tomahawk          |       |       |       |    43 |     5 |       |       |     1 |    39 ||    88
 Cast: Shock             |    33 |   127 |   268 |   422 |   529 |   137 |   277 |   210 |   636 ||  2639
       Static Discharge  |       |     1 |     5 |    78 |   122 |    34 |    49 |    24 |    38 ||   351
       Lightning Bolt    |       |       |       |    87 |   387 |   392 |   664 |   432 |   201 ||  2163
       Airstrike         |       |       |       |       |     1 |    92 |    29 |    72 |    16 ||   210
       Summon Lightning  |       |       |       |       |     3 |    18 |    14 |     4 |    18 ||    57
       Conjure Ball Ligh |       |       |       |       |       |    14 |     3 |     1 |     2 ||    20
       Chain Lightning   |       |       |       |       |       |     2 |     6 |   167 |   801 ||   976
       Tornado           |       |       |       |       |       |       |       |       |    17 ||    17
       Iron Shot         |       |       |       |       |       |       |       |       |   395 ||   395
       Spellforged Servi |       |       |       |       |       |       |       |       |    87 ||    87
       Statue Form       |       |       |       |       |       |       |       |       |    17 ||    17
       Apportation       |       |       |       |       |       |       |       |       |     3 ||     3
Invok: Bend Space        |       |       |       |     9 |    11 |       |     4 |    16 |    52 ||    92
       Banish            |       |       |       |       |       |       |     2 |       |     6 ||     8
       Corrupt           |       |       |       |       |       |       |       |     1 |     5 ||     6
       Depart the Abyss  |       |       |       |       |       |       |       |       |     5 ||     5
       Enter the Abyss   |       |       |       |       |       |       |       |       |     2 ||     2
 Abil: Evoke Berserk Rag |       |       |     1 |       |       |       |       |       |       ||     1
       Fly               |       |       |       |       |       |       |     1 |       |     1 ||     2
       Stop Flying       |       |       |       |       |       |       |     1 |       |     1 ||     2
       Evoke Invisibilit |       |       |       |       |       |       |       |     2 |     4 ||     6
       End Transformatio |       |       |       |       |       |       |       |       |     6 ||     6
Evoke: Wand              |       |       |       |     2 |     1 |     7 |    20 |    10 |    60 ||   100
       Phial of floods   |       |       |       |       |     2 |     4 |     6 |     4 |    17 ||    33
       Lamp of fire      |       |       |       |       |     1 |     3 |     4 |     7 |    14 ||    29
       Phantom mirror    |       |       |       |       |       |       |     2 |       |     4 ||     6
       Fan of gales      |       |       |       |       |       |       |     5 |       |     2 ||     7
       Lightning rod     |       |       |       |       |       |       |     4 |     8 |       ||    12
       Box of beasts     |       |       |       |       |       |       |     2 |       |     7 ||     9
       Horn of Geryon    |       |       |       |       |       |       |       |     1 |       ||     1
  Use: Scroll            |     4 |     1 |    14 |     5 |    14 |    17 |    16 |     6 |    17 ||    94
       Potion            |       |       |     2 |       |       |     5 |     2 |     3 |    40 ||    52
 Stab: Distracted        |       |       |       |       |       |       |       |       |    21 ||    21
       Sleeping          |       |       |       |       |       |       |       |       |     8 ||     8
       Invisible         |       |       |       |       |       |       |       |       |     3 ||     3
       Petrified         |       |       |       |       |       |       |       |       |     3 ||     3
       Paralysed         |       |       |       |       |       |       |       |       |     2 ||     2
       Petrifying        |       |       |       |       |       |       |       |       |     1 ||     1
  Eat: Chunk             |       |     5 |    11 |    16 |    39 |    24 |    17 |    25 |    34 ||   171
       Ration            |       |       |       |     3 |     1 |     2 |     6 |     2 |    31 ||    45
Armor: Skin              |     1 |     3 |    14 |    34 |    83 |    45 |    80 |   259 |  2149 ||  2668
Dodge: Dodged            |     7 |    19 |    72 |   154 |   229 |   137 |   395 |   420 |  3737 ||  5170
Block: Other             |       |     1 |       |       |       |       |       |       |       ||     1
       Buckler           |       |     8 |    71 |   237 |   330 |   162 |   605 |   615 |   200 ||  2228
       Reflection        |       |       |     3 |       |    36 |    67 |   106 |    58 |    34 ||   304
       Medium shield     |       |       |       |       |    90 |    86 |       |       |  7766 ||  7942
